 Dungeon Crawl Stone Soup version 0.25-a0-544-gee0576305d (webtiles) character file.

Game seed: 8467838070318953759, levelgen mode: deterministic

159 Esekla the Magician (level 5, -1/25 HPs)
             Began as a Deep Elf Wizard on Feb 20, 2020.
             Was a Believer of Hepliaklqana.
             Slain by Grinder (4 damage)
             ... while paralysed by Grinder
             ... on level 3 of the Dungeon.
             The game lasted 00:24:40 (2910 turns).

Esekla the Magician (Deep Elf Wizard)               Turns: 2910, Time: 00:24:40

Health: -1/25      AC:  8    Str:  7 (8)  XL:     5   Next: 17%
Magic:  9/15       EV:  2    Int: 20 (23) God:    Hepliaklqana [**....]
Gold:   142        SH:  0    Dex: 11 (13) Spells: 7/16 levels left

rFire    . . .     SeeInvis +   r - +4 dagger
rCold    . . .     Gourm    .   (no shield)
rNeg     . . .     Faith    .   a - +0 robe
rPois    .         Spirit   .   b - +0 hat
rElec    .         Reflect  .   q - +1 cloak
rCorr    .         Harm     .   h - +1 pair of gloves {Str+3}
MR       .....                  s - +1 pair of boots
Stlth    ++........             (no amulet)
HPRegen  0.08/turn              o - ring of see invisible
MPRegen  0.14/turn              (no ring)

@: paralysed, very slightly contaminated
A: reduced essence
a: Ancestor Life: Knight, Ancestor Life: Battlemage, Ancestor Life: Hexer,
Recall Ancestor, Ancestor Identity, Renounce Religion


You were on level 3 of the Dungeon.
You worshipped Hepliaklqana.
Hepliaklqana was pleased with you.
You were not hungry.

You visited 1 branch of the dungeon, and saw 3 of its levels.

You collected 142 gold pieces.

Inventory:

Hand Weapons
 r - a +4 dagger (weapon)
Missiles
 g - 5 boomerangs (quivered)
 k - 8 silver javelins
Armour
 a - a +0 robe (worn)
 b - a +0 hat (worn)
 h - a +1 pair of gloves of strength (worn)
 q - a +1 cloak (worn)
 s - a +1 pair of boots (worn)
Jewellery
 o - a ring of see invisible (left hand)
Scrolls
 c - a scroll of amnesia {unknown}
 e - 4 scrolls of identify {unknown}
 l - 2 scrolls of teleportation {unknown}
 m - a scroll of remove curse {unknown}
 p - a scroll of noise {unknown}
Potions
 f - 2 potions of heal wounds {unknown}
 i - a potion of curing {unknown}
 j - a potion of invisibility {unknown}
 n - a potion of stabbing {unknown}
 t - a potion of haste {unknown}
 u - a potion of degeneration
 v - a potion of magic {unknown}
Comestibles
 d - 2 rations


   Skills:
 * Level 0.4 Short Blades
 + Level 0.7 Throwing
 + Level 2.9 Dodging
 + Level 3.0 Stealth
 * Level 6.2 Spellcasting
 * Level 2.2 Conjurations
   Level 1.1 Summonings
 * Level 1.2 Translocations
 * Level 1.1 Air Magic
 * Level 1.2 Poison Magic


You had 7 spell levels left.
You knew the following spells:

 Your Spells              Type           Power        Failure   Level  Hunger
a - Magic Dart            Conj           ###.         4%          1    None
b - Blink                 Tloc           N/A          9%          2    None
c - Mephitic Cloud        Conj/Pois/Air  ##......     16%         3    ##.....
f - Conjure Flame         Conj/Fire      ##......     19%         3    ##.....

Your spell library contained the following spells:

 Spells                   Type           Power        Failure   Level  Hunger
 Call Imp                 Summ           ##......     10%         2    None
 Slow                     Hex            #.......     16%         2    None


Dungeon Overview and Level Annotations

Branches:
Dungeon (3/15)

Altars:
Ashenzari
Fedhas
Hepliaklqana
Ru
Sif Muna
Uskayaw

Annotations:
D:3 4 runed translucent doors, Crazy Yiuf; Grinder; SamuraiZach's ghost, amateur OpAs


Message History

Grinder misses you.
Casting: Magic Dart (safe; 3% risk of failure)
Confirm with . or Enter, or press ? or * to list all spells.
Aiming: Magic Dart (safe; 3% risk of failure)
Press: ? - help, Shift-Dir - straight line, f/p - Grinder
Aim: Grinder (heavily wounded)
The magic dart hits Grinder but does no damage.
Grinder is heavily wounded.
Grinder hits you!
* * * LOW HITPOINT WARNING * * *
You writhe in agony.
* * * LOW HITPOINT WARNING * * *
It was a potion of degeneration.
There was something very wrong with that liquid.
You feel weakened.
You feel dopey.
You feel clumsy. Grinder gestures at you.
You suddenly lose the ability to move!
Grinder hits you but does no damage. Grinder hits you.
You die...

#..............>#.# #.
#.#...............#######
##
#.......................#
###.........[...........#
#
#..........#..........####
########..##..###......#.)
#....................
######.##.##..#.8.......8.
#.....[5#@###.............
#.......#5###.#.8.......8.
#...................).....
#............(..8..._...8.
#............(....(###....
########.......##.........
#.......(....#####.
#........###.# ##
####.......## #.# #


You could see Grinder.

Vanquished Creatures
  3 gnolls (D:3)
  4 adders
  An ooze (D:2)
  3 worms
  3 dart slugs
  4 leopard geckos
  2 orcs (D:3)
  4 bats
  6 giant cockroaches
  5 goblins
  4 hobgoblins
  6 jackals (D:2)
  3 quokkas
  10 frilled lizards
  8 kobolds
  9 rats
75 creatures vanquished.

Notes
Turn   | Place    | Note
-------+----------+-------------------------------------------
     0 | D:1      | Esekla the Deep Elf Wizard began the quest for the Orb.
     0 | D:1      | Reached XP level 1. HP: 10/10 MP: 7/7
   195 | D:2      | Reached skill level 5 in Spellcasting
   230 | D:2      | Reached XP level 2. HP: 15/15 MP: 5/10
   407 | D:1      | Learned a level 2 spell: Blink
   619 | D:2      | Reached XP level 3. HP: 19/19 MP: 6/12
   624 | D:2      | Learned a level 3 spell: Mephitic Cloud
   628 | D:2      | Learned a level 3 spell: Conjure Flame
   662 | D:2      | Found a faded altar of an unknown god.
   683 | D:2      | Became a worshipper of Hepliaklqana the Forgotten
   683 | D:2      | Reached * piety under Hepliaklqana
   896 | D:1      | Reached skill level 6 in Spellcasting
  1218 | D:2      | Found a hazy altar of Hepliaklqana.
  1304 | D:2      | Reached skill level 1 in Poison Magic
  1626 | D:2      | Found a sacrificial altar of Ru.
  1627 | D:2      | Reached XP level 4. HP: 21/21 MP: 14/14
  1722 | D:2      | Found a blossoming altar of Fedhas.
  1861 | D:2      | Found a shimmering blue altar of Sif Muna.
  2026 | D:3      | Noticed Grinder
  2340 | D:3      | Found a runed translucent door.
  2341 | D:3      | Noticed Crazy Yiuf
  2380 | D:3      | Found a runed translucent gate.
  2380 | D:3      | Found a runed translucent gate.
  2380 | D:3      | Found a runed translucent gate.
  2380 | D:3      | Noticed SamuraiZach's ghost (amateur OpAs)
  2404 | D:3      | Found a hide-covered altar of Uskayaw.
  2658 | D:3      | Found a shattered altar of Ashenzari.
  2676 | D:3      | Reached XP level 5. HP: 18/25 MP: 7/15
  2679 | D:3      | Reached ** piety under Hepliaklqana
  2691 | D:3      | Reached skill level 1 in Air Magic
  2874 | D:3      | Found a shattered altar of Ashenzari.
  2908 | D:3      | Paralysed by Grinder for 4 turns
  2910 | D:3      | Slain by Grinder

Levels and vault maps discovered:
D:1:      dpeg_arrival_snail, layout_basic, minmay_misc_feat_x
D:2:      layout_basic, fedhas_altar_2, led_sif_pool,
          nicolae_overflow_crystal_walls, marbit_many_paths,
          chequers_ecumenical_altar_island, first_ration
D:3:      layout_rooms, nicolae_overflow_hidden_temple,
          eat_drink_and_be_merry_uskayaw, gammafunk_ghost_necromancy,
          minivault_19, glass_columns_b, minmay_door_square,
          evilmike_ruin_ashenzari, uniq_grinder, uniq_crazy_yiuf_cottage

Skill      XL: |  1  2  3  4  5 |
---------------+----------------+-----
Spellcasting   | 5 6 |  6.2
Poison Magic   | 1 |  1.2
Conjurations   | 2 |  2.2
Stealth        | 3 |  3.0
Air Magic      | 1 |  1.1
Short Blades   | |  0.4
Throwing       | |  0.7
Dodging        | |  2.9
Summonings     | |  1.1
Translocations | |  1.2

Action                   |  1- 3 |  4- 6 || total
-------------------------+-------+-------++-------
Melee: Short sword       |    26 |       ||    26
       Dagger            |    23 |    45 ||    68
Throw: Boomerang         |     6 |       ||     6
 Cast: Magic Dart        |    74 |    56 ||   130
       Mephitic Cloud    |     1 |     3 ||     4
       Conjure Flame     |     1 |       ||     1
       Blink             |       |     1 ||     1
  Use: Potion            |       |     1 ||     1
 Stab: Sleeping          |     5 |     3 ||     8
       Confused          |       |     4 ||     4
  Eat: Chunk             |     2 |     1 ||     3
       Ration            |       |     1 ||     1
Armor: Robe              |    18 |    15 ||    33
Dodge: Dodged            |    42 |    32 ||    74

Table legend:
 A = Non-vault XP
 B = Vault XP
 C = Vault XP percentage of total XP
 D = Non-vault monster count
 E = Vault monster count
 F = Vault count percentage of total count
                 A         B        C        D         E       F
            +---------+---------+-------+---------+---------+-------
      Total |     227 |       1 |   0.4 |      74 |       1 |   1.3
            +---------+---------+-------+---------+---------+-------
        D:1 |      35 |       0 |   0.0 |      21 |       0 |   0.0
        D:2 |      89 |       1 |   1.1 |      31 |       1 |   3.1
        D:3 |     103 |       0 |   0.0 |      22 |       0 |   0.0
            +---------+---------+-------+---------+---------+-------
